 Dungeon Sprint DCSS version 0.29.1-15-g9cfb28693d (webtiles) character file.

Game seed: 13662933344762401403

2247 Groucho the Unseen (level 9, 0/39 HPs)
             Began as a Spriggan Enchanter on Feb 22, 2023.
             Was a Follower of Dithmenos.
             Slain by a black bear (2 damage)
             ... in the Dungeon (Sprint II: "The Violet Keep of Menkaure").
             The game lasted 00:06:34 (348 turns).

Groucho the Unseen (Spriggan Enchanter)              Turns: 348, Time: 00:06:36

Health: 0/39       AC:  2    Str:  8    XL:     9   Next: 15%
Magic:  18/26      EV: 21    Int: 17    God:    Dithmenos [*.....]
Gold:   312        SH:  0    Dex: 21    Spells: 27/32 levels left

rFire   . . .      SeeInvis +   a - +1 dagger
rCold   . . .      Faith    .   (no shield)
rNeg    . . .      Spirit   .   b - +0 robe
rPois   +          Reflect  .   (helmet restricted)
rElec   .          Harm     .   e - scarf {repulsion}
rCorr   .          Rampage  .   (gloves unavailable)
Will    +....      NoTele   +   (boots unavailable)
Stlth   ++++++++..              (no amulet)
HPRegen 0.13/turn               f - ring "Vude Korgh" {rPois Dex+6 SInv}
MPRegen 0.20/turn               (no ring)

@: wreathed by umbra, repel missiles, very quick
A: very small, no large weapons, unfitting armour, see invisible, speed 3
a: Renounce Religion


You were in the Dungeon.
You worshipped Dithmenos.
Dithmenos was aware of your devotion.
You visited 1 branch You collected 1069 gold pieces.
You spent 757 gold pieces at shops.

Inventory:

Hand Weapons
 a - a +1 dagger (weapon)
Missiles
 j - 2 poisoned darts (quivered)
Armour
 b - a +0 robe (worn)
 e - a scarf of repulsion (worn)
Jewellery
 f - the ring "Vude Korgh" (left hand) {rPois Dex+6 SInv}
   (You bought it in a shop in the Dungeon)

   [ring of dexterity]

   Dex:       It affects your dexterity (+6).
   rPois:     It protects you from poison.
   SInv:      It lets you see invisible.
Scrolls
 i - a scroll of blinking
Potions
 c - a potion of invisibility
 g - 2 potions of magic
 h - a potion of berserk rage


   Skills:
 - Level 10.0 Short Blades
 + Level 6.1 Dodging
 - Level 17.0 Stealth
 + Level 12.2 Spellcasting
 + Level 12.6 Hexes
 + Level 4.0 Invocations


You had 27 spell levels left.
You knew the following spells:

 Your Spells              Type           Power      Damage    Failure   Level
a - Ensorcelled Hibernat  Hex/Ice        62%        N/A       1%          2
b - Confusing Touch       Hex            52%        N/A       1%          3

Your spell library contained the following spells:

 Spells                   Type           Power      Damage    Failure   Level
 Dazzling Flash           Conj/Hex       62%        N/A       1%          3
 Tukima's Dance           Hex            52%        N/A       1%          3


Dungeon Overview and Level Annotations

Branches:
Dungeon (1/1)

Altars:
Cheibriados
Dithmenos
Elyvilon
Fedhas
Gozag
Hepliaklqana
Kikubaaqudgha
Makhleb
Nemelex Xobeh
Okawaru
Qazlal
Ru
Sif Muna
Trog
Uskayaw
Vehumet
Wu Jian
Xom
Yredelemnul
Zin
The Shining One
Jiyva
Lugonu

Shops:
D =:!?([!:=[:((*[

Annotations:
D exclusion: oklob plant


Innate Abilities, Weirdness & Mutations

You are very small and have problems with some larger weapons.
You are too small for most types of armour.
You have supernaturally acute eyesight. (SInv)
You cover ground extremely quickly. (Speed+++)


Message History

The black bear completely misses you. The black bear bites you.
The black bear claws you but does no damage.
The black bear claws you.
Unknown command.
The black bear closely misses you. The black bear claws you. x2
There is an open door here.
Casting: Ensorcelled Hibernation (safe; 1% risk of failure)
Confirm with . or Enter, or press ? or * to list all spells.
Aiming: Ensorcelled Hibernation (safe; 1% risk of failure)
Press: ? - help, Shift-Dir - straight line, f/p - black bear
Aim: a black bear (chance to affect: 61%)
The black bear looks drowsy...
The black bear fails to trigger a net trap.
The helpless black bear fails to defend itself.
You spit the black bear like a pig!!!!!
You kill the black bear!
Dithmenos accepts your kill.
You are shrouded in an aura of darkness!
Your Dodging skill increases to level 6!
Your Invocations skill increases to level 4!
Unknown command.
You feel better.
The water moccasin fails to trigger a net trap.
The black bear bites you!
* * * LOW HITPOINT WARNING * * *
The black bear claws you.
* * * LOW HITPOINT WARNING * * *
The black bear claws you.
* * * LOW HITPOINT WARNING * * *
Unknown command.
Casting: Ensorcelled Hibernation (safe; 1% risk of failure)
Confirm with . or Enter, or press ? or * to list all spells.
Aiming: Ensorcelled Hibernation (safe; 1% risk of failure)
Press: ? - help, Shift-Dir - straight line, f - black bear
Aim: a black bear (umbra, chance to affect: 61%)
The black bear resists with significant effort.
The black bear bites you.
* * * LOW HITPOINT WARNING * * *
The black bear claws you.
You die...

#++# # ^^.### ~## ....# ~~#++
...# ~~... .. ..# ~~~.##+##..
####.# ~~~##...##.####.@hS###
~~~#..#).# ...#..#...#
~####...####..#####..# !!?
##.###'###.##..#$†'..# ▓$?!$(
#..###.##.#.#..#..#S.# ▓!([(([
'##.†.<.'##.'..####..####▓$(?"[?)
#.†###.###..#....###...##▓▓▓▓▓▓▓+
##†###'###.##......~~~~~~~~~~~~~
~####...####~~.....~#'########+##


You could see a water moccasin and a black bear.

Vanquished Creatures
  An iron elemental (D)
  A merfolk siren (D)
  Menkaure (D)
  4 neqoxecs (D)
  A water moccasin (D)
  2 black bears (D)
  4 necrophages (D)
  4 scorpions (D)
18 creatures vanquished.

Notes
Turn   | Place    | Note
-------+----------+-------------------------------------------
     0 | D        | Groucho the Spriggan Enchanter began the quest for the Orb.
     0 | D        | Reached XP level 1. HP: 9/9 MP: 5/5
     3 | D        | Noticed a merfolk siren
     6 | D        | Noticed a neqoxec
     9 | D        | Noticed a necrophage
     9 | D        | Noticed a necrophage
     9 | D        | Noticed a necrophage
     9 | D        | Noticed a necrophage
    24 | D        | Killed a necrophage
    25 | D        | Reached skill level 8 in Stealth
    25 | D        | Reached skill level 5 in Hexes
    25 | D        | Reached XP level 2. HP: 3/13 MP: 5/8
    25 | D        | Reached XP level 3. HP: 4/16 MP: 6/10
    36 | D        | Killed a necrophage
    37 | D        | Reached skill level 10 in Stealth
    37 | D        | Reached skill level 5 in Spellcasting
    37 | D        | Reached XP level 4. HP: 19/21 MP: 6/12
    37 | D        | Noticed an ice statue
    39 | D        | Killed a necrophage
    40 | D        | Reached skill level 5 in Short Blades
    40 | D        | Reached skill level 11 in Stealth
    40 | D        | Reached XP level 5. HP: 21/24 MP: 6/15
    42 | D        | Reached skill level 12 in Stealth
    50 | D        | Killed a neqoxec
    51 | D        | Reached skill level 14 in Stealth
    51 | D        | Reached XP level 6. HP: 26/28 MP: 7/17
    51 | D        | Noticed a neqoxec
    52 | D        | Killed a neqoxec
    53 | D        | Noticed a neqoxec
    53 | D        | Noticed a neqoxec
    55 | D        | Killed a neqoxec
    56 | D        | Reached skill level 15 in Stealth
    56 | D        | Reached XP level 7. HP: 30/32 MP: 7/20
    57 | D        | Killed a neqoxec
    58 | D        | Reached skill level 16 in Stealth
    69 | D        | Killed a merfolk siren
    70 | D        | Reached skill level 17 in Stealth
    70 | D        | Reached skill level 10 in Spellcasting
    70 | D        | Reached skill level 10 in Hexes
    70 | D        | Reached XP level 8. HP: 34/36 MP: 8/23
    78 | D        | Noticed Menkaure
    91 | D        | Learned a level 2 spell: Ensorcelled Hibernation
    95 | D        | Learned a level 3 spell: Confusing Touch
    99 | D        | Killed Menkaure
   207 | D        | Found Jovareko's General Store.
   207 | D        | Found Xuafim's Weapon Shop.
   207 | D        | Found Hapsess's Jewellery Boutique.
   207 | D        | Found Wooce's Antique Armour Boutique.
   207 | D        | Found Amous's Book Shop.
   208 | D        | Found Joiwuar's Antique Armour Shop.
   208 | D        | Found Gulevu's Book Shop.
   208 | D        | Found Myole's Distillery.
   209 | D        | Found Noiham's Antique Armour Shop.
   209 | D        | Found Qetzygho's Antique Weapon Boutique.
   210 | D        | Found Soun's Antique Weapon Boutique.
   211 | D        | Found Zapusax's Magic Scroll Shop.
   211 | D        | Found Haiptiej's Distillery.
   211 | D        | Noticed a great orb of eyes
   211 | D        | Noticed an oklob plant
   212 | D        | Found Apnuar's Jewellery Boutique.
   212 | D        | Found Ecurusch's Book Shoppe.
   230 | D        | Noticed a hell hog
   236 | D        | Bought an embroidered scarf for 192 gold pieces
   236 | D        | Noticed a hell hog
   242 | D        | Bought the ring "Vude Korgh" {rPois Dex+6 SInv} for 565
                  | gold pieces
   270 | D        | Reached skill level 10 in Short Blades
   286 | D        | Found a glowing silver altar of Zin.
   287 | D        | Found a glowing golden altar of the Shining One.
   287 | D        | Found a basalt altar of Yredelemnul.
   287 | D        | Found a hide-covered altar of Uskayaw.
   288 | D        | Found a shimmering altar of Xom.
   288 | D        | Found a bloodstained altar of Trog.
   289 | D        | Found an ornate altar of the Wu Jian Council.
   289 | D        | Found a shimmering blue altar of Sif Muna.
   289 | D        | Found a corrupted altar of Lugonu.
   289 | D        | Found a radiant altar of Vehumet.
   289 | D        | Found a burning altar of Makhleb.
   290 | D        | Found a sacrificial altar of Ru.
   290 | D        | Found an ancient bone altar of Kikubaaqudgha.
   290 | D        | Found a white marble altar of Elyvilon.
   291 | D        | Found a stormy altar of Qazlal.
   291 | D        | Found a viscous altar of Jiyva.
   291 | D        | Found a shadowy altar of Dithmenos.
   292 | D        | Found a hazy altar of Hepliaklqana.
   292 | D        | Found a snail-covered altar of Cheibriados.
   293 | D        | Found a sparkling altar of Nemelex Xobeh.
   293 | D        | Found a blossoming altar of Fedhas.
   297 | D        | Found an opulent altar of Gozag.
   297 | D        | Found an iron altar of Okawaru.
   302 | D        | Became a worshipper of Dithmenos the Shadowed
   318 | D        | Noticed an iron elemental
   319 | D        | Killed an iron elemental
   320 | D        | Reached skill level 5 in Dodging
   320 | D        | Reached XP level 9. HP: 39/39 MP: 24/26
   346 | D        | Reached * piety under Dithmenos
   348 | D        | Slain by a black bear

Illustrated notes

Levels and vault maps discovered:
D:        the_violet_keep_of_menkaure [sprint2_stairs_cluster_1,
          sprint2_shoproom, sprint2_temple, sprint2_basic_supplies,
          sprint2_obstacle_2, sprint2_obstacle_1, sprint2_obstacle_5,
          sprint2_obstacle_4, sprint2_obstacle_3, sprint2_timed_cluster_1,
          sprint2_smallroom_cluster_1, sprint2_smallroom_final_cluster_1,
          sprint2_transparent_cluster_1, sprint2_second_timed_cluster_1,
          sprint2_sniper_area_1, sprint2_heavy_combat_area_1,
          sprint2_mutation_trap_area_1, sprint2_forest_area_1,
          sprint2_light_combat_area_1, sprint2_behind_water_1,
          sprint2_near_end_vault_1]

Skill      XL: |  1  2  3  4  5  6  7  8  9 |
---------------+----------------------------+-----
Short Blades   | 3 4 5 6 7 9 10 | 10.0
Stealth        | 8 10 11 14 15 17 | 17.0
Spellcasting   | 4 5 6 7 8 10 12 | 12.2
Hexes          | 5 6 8 9 10 12 | 12.6
Dodging        | 5 6 |  6.1
Invocations    | 3 4 |  4.0

Action                   |  1- 3 |  4- 6 |  7- 9 || total
-------------------------+-------+-------+-------++-------
Melee: Dagger            |    23 |     5 |    14 ||    42
 Cast: Ensorcelled Hiber |       |       |     8 ||     8
       Confusing Touch   |       |       |     1 ||     1
  Use: Potion            |     3 |       |     1 ||     4
 Stab: Invisible         |     3 |       |       ||     3
       Sleeping          |       |     5 |    10 ||    15
       Confused          |       |       |     1 ||     1
Armor: Robe              |     1 |       |     4 ||     5
Dodge: Dodged            |    12 |       |     9 ||    21
